 Dungeon Crawl Stone Soup version 0.30.1-11-g7821555f0a (webtiles) character file.

Game seed: 10525590544754607263

79450 onlghost the Tortoise (level 15, 0/106 HPs)
             Began as a Gargoyle Fighter on Dec 29, 2023.
             Was the Champion of Makhleb.
             Slain by a sphinx (9 damage)
             ... summoned by Kirke
             ... on level 3 of the Spider Nest.
             The game lasted 01:13:13 (16896 turns).

onlghost the Tortoise (Gargoyle Fighter)           Turns: 16896, Time: 01:13:15

Health: 0/106      AC:  0    Str: 24 (25) XL:     15   Next: 63%
Magic:  15/15      EV: 13    Int: 11      God:    Makhleb [******]
Gold:   1332       SH:  0    Dex:  8 (9)  Spells: 14/14 levels left

rFire   . . .        q - melded +6 hand axe "Goblinslayer" {flame, rC+++ rN+}
rCold   . . .        c - melded +0 buckler
rNeg    + . .        N - melded +10 plate armour of Painted Life {rN++}
rPois   ∞            V - melded +1 helmet of Hubris {-Tele Str+9 SInv Stlth+}
rElec   .            (cloak currently unavailable)
rCorr   .            (gloves currently unavailable)
SInv    .            f - melded +2 pair of boots
Will    +....        w - amulet of regeneration
Stlth   +            y - melded ring of the Bedazzling Gods {Fire rPois Str+4}
HPRegen 1.17/turn    I - melded +4 ring of slaying
MPRegen 0.14/turn

%: no passive effects
@: about to teleport, pig-form, slowed
A: fast, no casting, sickness immunity, AC +11, small, (big wings), negative
energy resistance 1, (electricity resistance), torment resistance 1,
petrification resistance
a: Renounce Religion, Minor Destruction, Lesser Servant of Makhleb, Major
Destruction, Greater Servant of Makhleb


You were on level 3 of the Spider Nest.
You worshipped Makhleb.
Makhleb was exalted by your worship.
You were a filthy swine.
You visited 5 branches of the dungeon, and saw 19 of its levels.

You collected 1837 gold pieces.
You spent 505 gold pieces at shops.

Inventory:

Hand Weapons
 a - a +2 war axe of draining
 q - the +6 hand axe "Goblinslayer" (melded) {flame, rC+++ rN+}
   (You found it on level 3 of the Dungeon)

   rC:        It renders you almost immune to cold.
   rN:        It protects you from negative energy.
Armour
 c - a +0 buckler (melded)
 f - a +2 pair of boots (melded)
 N - the +10 plate armour of Painted Life (melded) {rN++}
   (You found it on level 8 of the Dungeon)

   rN:        It greatly protects you from negative energy.
 Q - the +3 hat of Pondering {ponderous, Will+ MP+10 Int+5}
   (You took it off Gastronok on level 1 of the Lair of Beasts)

   Int:       It affects your intelligence (+5).
   MP:        It affects your magic capacity (+10).
   Will:      It increases your willpower.
 V - the +1 helmet of Hubris (melded) {-Tele Str+9 SInv Stlth+}
   (You acquired it on level 11 of the Dungeon)

   Str:       It affects your strength (+9).
   SInv:      It lets you see invisible.
   -Tele:     It prevents most forms of teleportation.
   Stlth:     It makes you more stealthy.
Jewellery
 w - an amulet of regeneration (around neck)
 y - the ring of the Bedazzling Gods (melded) {Fire rPois Str+4}
   (You found it on level 3 of the Dungeon)

   [ring of fire]

   It enhances your fire magic.
   Str:       It affects your strength (+4).
   rF:        It protects you from fire.
   rC:        It makes you vulnerable to cold.
   rPois:     It protects you from poison.
 I - a +4 ring of slaying (melded)
 M - the ring "Erifo" {+Blink rPois rC- rN+++ Int-2}
   (You found it on level 8 of the Dungeon)

   [ring of poison resistance]

   Int:       It affects your intelligence (-2).
   rC:        It makes you vulnerable to cold.
   rPois:     It protects you from poison.
   rN:        It renders you almost immune to negative energy.
   +Blink:    It lets you blink.
Wands
 h - a wand of light (13)
 s - a wand of flame (33)
 t - a wand of mindburst (20)
 F - a wand of polymorph (20)
 O - a wand of charming (15)
 U - a wand of digging (7)
Scrolls
 b - a scroll of blinking
 e - 2 scrolls of fog
 n - 2 scrolls of amnesia
 v - 2 scrolls of butterflies
 x - 6 scrolls of teleportation
 E - 4 scrolls of magic mapping
 H - a scroll of enchant weapon
 T - 3 scrolls of enchant armour
 W - a scroll of poison {unknown}
Potions
 d - 2 potions of haste
 i - 4 potions of lignification
 k - 5 potions of attraction
 l - 8 potions of curing
 o - 2 potions of cancellation
 u - a potion of berserk rage
 z - a potion of resistance
 G - a potion of magic
 J - 3 potions of brilliance
 K - a potion of flight {unknown}
 R - 2 potions of mutation {unknown}


   Skills:
 + Level 16.8 Fighting
 - Level 14.0 Axes
 + Level 16.8 Armour
 + Level 10.1 Shields


You had 14 spell levels left.
You didn't know any spells.
Your spell library contained the following spells:

 Spells                   Type           Power      Damage    Failure   Level
 Apportation              Tloc           0%         N/A       34%         1
 Magic Dart               Conj           0%         1d3       34%         1
 Necrotise                Necr           0%         1d4       34%         1
 Summon Small Mammal      Summ           0%         N/A       34%         1
 Ensorcelled Hibernation  Hex/Ice        0%         N/A       47%         2
 Searing Ray              Conj           0%         2d4       47%         2
 Ozocubu's Armour         Ice            0%         N/A       71%         3
 Spider Form              Tmut/Pois      0%         N/A       71%         3
 Anguish                  Hex/Necr       0%         N/A       98%         4
 Dispel Undead            Necr           0%         3d6       98%         4
 Fulminant Prism          Conj/Hex       0%         3d5       98%         4
 Summon Ice Beast         Ice/Summ       0%         N/A       98%         4
 Iskenderun's Battlesphe  Conj           0%         2d6       100%        5
 Metabolic Englaciation   Hex/Ice        0%         N/A       100%        5
 Summon Mana Viper        Hex/Summ       0%         N/A       100%        5
 Death Channel            Necr           0%         N/A       100%        6
 Iron Shot                Conj/Erth      0%         9d1       100%        6
 Simulacrum               Ice/Necr       0%         N/A       100%        6
 Monstrous Menagerie      Summ           0%         N/A       100%        7
 Ozocubu's Refrigeration  Ice            0%         4d7       100%        7
 Spellforged Servitor     Conj/Summ      0%         N/A       100%        7
 Chain Lightning          Conj/Air       0%         N/A       100%        9
 Fire Storm               Conj/Fire      0%         5d1       100%        9
 Shatter                  Erth           0%         3d5*      100%        9
 Cigotuvi's Dreadful Rot  Necr/Pois/Air  Unusable   N/A       N/A         2

Dungeon Overview and Level Annotations

Branches:
Dungeon (11/15)            Temple (1/1) D:5            Lair (2/5) D:11
  Swamp (0/4) Lair:2       Spider (3/4) Lair:2          Orc (2/2) D:9
    Elf (0/3) Orc:2

Altars:
Ashenzari
Cheibriados
Dithmenos
Elyvilon
Fedhas
Gozag
Hepliaklqana
Kikubaaqudgha
Makhleb
Nemelex Xobeh
Okawaru
Qazlal
Ru
Sif Muna
Trog
Uskayaw
Vehumet
Wu Jian
Xom
Yredelemnul
Zin
The Shining One

Shops:
Orc:1 ?**   Orc:2 **[=

Portals:
Pandemonium: Orc:2

Annotations:
D:4 2 transporters, comborobin's ghost, weakling GrDe
Spider:3 Kirke


Innate Abilities, Weirdness & Mutations

You are a filthy swine.
You move quickly.
Your equipment is almost entirely melded.
You are incapable of wielding weapons or throwing items.
You cannot cast spells.
You are immune to sickness and miasma.
((Your stone body is resilient. (AC +11)))
You are immune to poison.
((Your large and strong wings let you fly.))
You resist negative energy. (rN+)
((You are resistant to electric shocks. (rElec)))
You are resistant to unholy torment.
You are immune to petrification.


Message History

You bite Kirke!
Kirke is heavily wounded.
Kirke gestures at you while chanting.
You struggle to resist.
You hit Kirke.
Kirke is heavily wounded.
Kirke hits you.
You hit Kirke.
Kirke is severely wounded.
Kirke hits you.
You closely miss Kirke.
Kirke is heavily wounded.
Kirke wildly gestures.
Kirke hits you. Kirke gestures at you while chanting.
You feel a momentary urge to oink.
You barely miss Kirke.
Kirke is heavily wounded.
Kirke hits you.
You hit Kirke.
Kirke is severely wounded.
Kirke hits you!
You bite Kirke!
Kirke is severely wounded.
Kirke mumbles some strange words.
Kirke summons a sphinx!
You closely miss Kirke.
Kirke is severely wounded.
Kirke barely misses you. The sphinx hits you! x2
The sphinx barely misses you.
You are too injured to fight recklessly!
You feel better.
The sphinx hits you! x2; The sphinx hits you.
Kirke hits you.
* * * LOW HITPOINT WARNING * * *
As you read the scroll of teleportation, it crumbles to dust.
You feel strangely unstable. The sphinx hits you!!
* * * LOW HITPOINT WARNING * * *
The sphinx hits you.
* * * LOW HITPOINT WARNING * * *
The sphinx hits you!
You die...

.........##. .......
.............. .......#
.............###.......#
.............##.......#
.............##......^#
>............##......#
..............#....#
................#H##
......<....#####h##
##........## #@#
.####....##


#hk ## ####.# #kh. # #.# ##... # #.# .... .# ### ....^ .# ...... ## You could
see Kirke, a sphinx (summoned), 2 lindwurms and 2 hogs.

Vanquished Creatures
  Agnes (Spider:2)
  Gastronok (Lair:1)
  4 emperor scorpions
  5 ghost moths
  An orc warlord (Orc:2)
  A spark wasp (Spider:1)
  Snorg (D:10)
  3 entropy weavers
  Josephine (D:11)
  Fannar (D:10)
  A ghost crab (Lair:2)
  An ogre mage (Orc:2)
  3 demonspawn (Orc:2)
  2 jorogumos
  Erica (D:10)
  6 two-headed ogres
  2 radroaches (Spider:1)
  2 boulder beetles
  6 orc high priests (Orc:2)
  Nergalle (D:11)
  A spectral catoblepas (Lair:2)
  A sixfirhy (Orc:2)
  A skyshark (Lair:1)
  3 pharaoh ants
  8 orb spiders
  A phantasmal warrior (Lair:1)
  5 orc knights
  3 steelbarb worms
  6 orc sorcerers
  6 wolf spiders
  A cyclops (D:11)
  3 elephants (Lair:2)
  A moth of wrath (Spider:1)
  A black mamba (Lair:1)
  Joseph (D:8)
  3 demonic crawlers
  3 torpor snails
  2 cane toads (Lair:1)
  A gargoyle (D:8)
  A smoke demon (Orc:2)
  2 orange demons (Orc:2)
  An efreet (D:8)
  6 komodo dragons
  An ice devil (Orc:2)
  A rime drake (Lair:1)
  A hellwing (Orc:2)
  4 trolls
  A hornet (D:8)
  A spectral dream sheep (Lair:2)
  13 tarantellas
  4 blink frogs (Lair:2)
  10 culicivoras
  A spectral black mamba (Lair:2)
  A shadow (D:11)
  5 wraiths
  3 wyverns (D:11)
  15 jumping spiders
  2 vampires
  23 yaks
  A human (Lair:1)
  A spectral komodo dragon (Lair:2)
  2 hogs (Spider:3)
  22 redbacks
  2 basilisks
  2 vampire mosquitoes (D:11)
  5 wargs
  An acid dragon (D:11)
  9 water moccasins
  An ice beast (D:7)
  5 black bears
  2 sky beasts
  28 orc warriors
  4 ogres
  6 centaurs
  2 phantoms (D:5)
  2 kobold brigands (D:6)
  6 bullfrogs
  A scorpion (D:6)
  4 wights (D:7)
  4 howler monkeys
  4 electric eels
  2 lava snakes (D:9)
  23 orc priests
  A gnoll bouda (D:7)
  6 hounds
  A jelly (D:7)
  A sleepcap (D:5)
  3 iguanas
  9 orc wizards
  6 gnolls
  10 adders
  A shadow imp (D:6)
  2 white imps (D:6)
  3 ufetubi
  4 dart slugs
  71 orcs
  3 ball pythons
  10 bats
  10 endoplasms
  3 giant cockroaches
  5 goblins
  16 hobgoblins
  5 jackals
  6 quokkas
  4 frilled lizards
  8 kobolds
  5 rats
523 creatures vanquished.

Vanquished Creatures (others)
  A redback (Spider:1)
1 creature vanquished.

Grand Total: 524 creatures vanquished

Notes
Turn   | Place    | Note
-------+----------+-------------------------------------------
     0 | D:1      | onlghost the Gargoyle Fighter began the quest for the Orb.
     0 | D:1      | Reached XP level 1. HP: 14/14 MP: 1/1
   138 | D:1      | Reached XP level 2. HP: 19/19 MP: 2/2
   505 | D:1      | Reached XP level 3. HP: 23/23 MP: 3/3
  1524 | D:2      | Reached XP level 4. HP: 22/28 MP: 4/4
  2044 | D:3      | Identified the ring of the Bedazzling Gods {Fire rPois
                  | Str+4}
  2246 | D:3      | Identified a scroll of acquirement
  2246 | D:3      | Acquired a +2 helmet of see invisible
  2272 | D:3      | Noticed a sky beast
  2280 | D:3      | Killed a sky beast
  2281 | D:3      | Reached skill level 5 in Axes
  2281 | D:3      | Reached XP level 5. HP: 28/32 MP: 5/5
  2623 | D:3      | Identified the +6 hand axe "Goblinslayer" {flame, rC+++
                  | rN+}
  2947 | D:4      | Found a transporter.
  2952 | D:4      | Noticed comborobin's ghost (weakling GrDe)
  3025 | D:4      | Reached XP level 6. HP: 37/37 MP: 6/6
  3308 | D:4      | Found a transporter.
  3467 | D:4      | Noticed a black bear
  3470 | D:4      | Killed a black bear
  3519 | D:5      | Entered Level 5 of the Dungeon
  3561 | D:5      | Identified the +5 leather armour "Qafostria" {*Corrode Fly
                  | rElec rN+++}
  3577 | D:5      | Reached XP level 7. HP: 39/43 MP: 7/7
  3932 | D:5      | Reached skill level 5 in Fighting
  3932 | D:5      | Reached skill level 5 in Armour
  3932 | D:5      | Reached XP level 8. HP: 49/49 MP: 8/8
  4041 | D:5      | Found a staircase to the Ecumenical Temple.
  4551 | D:6      | Reached XP level 9. HP: 54/55 MP: 9/9
  4606 | D:6      | Found a stormy altar of Qazlal.
  5152 | Temple   | Entered the Ecumenical Temple
  5152 | Temple   | Found a transporter.
  5152 | Temple   | Found a transporter.
  5154 | Temple   | Found a transporter.
  5154 | Temple   | Found a transporter.
  5206 | Temple   | Became a worshipper of Makhleb the Destroyer
  6229 | D:8      | Noticed Joseph
  6245 | D:8      | Killed Joseph
  6322 | D:8      | Noticed a gargoyle
  6337 | D:8      | Killed a gargoyle
  6338 | D:8      | Reached XP level 10. HP: 64/64 MP: 10/10
  6346 | D:8      | Reached skill level 10 in Axes
  6410 | D:8      | Identified the ring "Erifo" {+Blink rPois rC- rN+++ Int-2}
  6413 | D:8      | Identified the +10 plate armour of Painted Life {rN++}
  6530 | D:8      | Identified the staff of earth "Ynleloiv" {Dex+4}
  6653 | D:8      | Reached * piety under Makhleb
  6801 | D:8      | Found a sacrificial altar of Ru.
  7001 | D:9      | Found an opulent altar of Gozag.
  7219 | D:9      | Found a staircase to the Orcish Mines.
  7500 | D:9      | Noticed a two-headed ogre
  7510 | D:9      | Killed a two-headed ogre
  7511 | D:9      | Reached XP level 11. HP: 71/71 MP: 11/11
  7780 | D:10     | Entered Level 10 of the Dungeon
  7820 | D:10     | Noticed Erica
  7833 | D:10     | Killed Erica
  8085 | D:10     | Noticed Snorg
  8102 | D:10     | Killed Snorg
  8189 | D:10     | Noticed Fannar
  8220 | D:10     | Killed Fannar
  8662 | D:11     | Noticed a two-headed ogre
  8672 | D:11     | Killed a two-headed ogre
  8673 | D:11     | Reached skill level 10 in Fighting
  8673 | D:11     | Reached skill level 10 in Armour
  8792 | D:11     | Noticed a cyclops
  8801 | D:11     | Killed a cyclops
  8847 | D:11     | Reached ** piety under Makhleb
  8882 | D:11     | Reached XP level 12. HP: 78/78 MP: 12/12
  8899 | D:11     | Found a staircase to the Lair.
  8916 | D:11     | Found a shadowy altar of Dithmenos.
  8927 | D:11     | Noticed Nergalle
  8938 | D:11     | Killed Nergalle
  9178 | D:11     | Noticed Josephine
  9189 | D:11     | Killed Josephine
  9383 | D:11     | Acquired the +1 helmet of Hubris {-Tele Str+9 SInv Stlth+}
  9488 | Orc:1    | Entered Level 1 of the Orcish Mines
  9517 | Orc:1    | Reached *** piety under Makhleb
  9578 | Orc:1    | Found Igix's Magic Scroll Emporium.
  9704 | Orc:1    | Found Liwnaor's Assorted Antiques.
  9726 | Orc:1    | Found Qogocsed's General Store.
  9745 | Orc:1    | Bought a potion of haste for 130 gold pieces
  9745 | Orc:1    | Bought a potion of haste for 130 gold pieces
  9745 | Orc:1    | Bought a potion of curing for 39 gold pieces
  9884 | Orc:2    | Entered Level 2 of the Orcish Mines
 10005 | Orc:2    | Found Afrigiz's General Store.
 10008 | Orc:2    | Found Veawkem's General Store.
 10044 | Orc:2    | Reached **** piety under Makhleb
 10142 | Orc:2    | Bought 2 potions of heal wounds for 150 gold pieces
 10164 | Orc:2    | Noticed an ogre mage
 10165 | Orc:2    | Noticed a two-headed ogre
 10165 | Orc:2    | Noticed a two-headed ogre
 10167 | Orc:2    | Noticed a two-headed ogre
 10169 | Orc:2    | Killed a two-headed ogre
 10172 | Orc:2    | Killed an ogre mage
 10173 | Orc:2    | Noticed a two-headed ogre
 10178 | Orc:2    | Killed a two-headed ogre
 10182 | Orc:2    | Killed a two-headed ogre
 10183 | Orc:2    | Reached XP level 13. HP: 73/87 MP: 13/13
 10199 | Orc:2    | Noticed an orc warlord
 10229 | Orc:2    | Killed an orc warlord
 10377 | Orc:2    | Found a bloodstained altar of Trog.
 10428 | Orc:2    | Found a staircase to the Elven Halls.
 11175 | Orc:2    | Reached ***** piety under Makhleb
 11237 | Orc:2    | Paralysed by an orc sorcerer for 3 turns
 11346 | Orc:2    | Found Ronleruf's Jewellery Boutique.
 11346 | Orc:2    | Found a one-way gate leading to the halls of Pandemonium.
 11346 | Orc:2    | Found Roygicu's Antique Armour Shop.
 11453 | Orc:1    | Bought a scroll of identify for 56 gold pieces
 11650 | Lair:1   | Entered Level 1 of the Lair of Beasts
 11967 | Lair:1   | Noticed Gastronok
 11999 | Lair:1   | Killed Gastronok
 12000 | Lair:1   | Gained mutation: Your large and strong wings let you fly.
                  | [Gargoyle growth]
 12000 | Lair:1   | Reached XP level 14. HP: 94/96 MP: 14/14
 12033 | Lair:1   | Identified the +4 rapier of Causality {freeze, *Rage rPois
                  | Dex+6}
 12187 | Lair:1   | Found a runed translucent door.
 12623 | Lair:2   | Reached skill level 5 in Shields
 12659 | Lair:2   | Identified the +9 trident of Extremism {distort, rC+}
 12973 | Lair:2   | Found a staircase to the Swamp.
 13032 | Lair:2   | Found a hole to the Spider Nest.
 13453 | Spider:1 | Entered Level 1 of the Spider Nest
 13471 | Lair:2   | Reached skill level 15 in Fighting
 13471 | Lair:2   | Reached skill level 15 in Armour
 13655 | Spider:1 | Noticed an emperor scorpion
 13672 | Spider:1 | Killed an emperor scorpion
 13679 | Spider:1 | Noticed an emperor scorpion
 13715 | Spider:1 | Killed an emperor scorpion
 13826 | Spider:1 | Noticed a ghost moth
 13832 | Spider:1 | Killed a ghost moth
 13940 | Spider:1 | Noticed a ghost moth
 13957 | Spider:1 | Killed a ghost moth
 14512 | Spider:1 | Reached XP level 15. HP: 104/104 MP: 15/15
 14574 | Spider:1 | Noticed a ghost moth
 14598 | Spider:1 | Killed a ghost moth
 14711 | Spider:1 | Noticed an emperor scorpion
 14748 | Spider:1 | Killed an emperor scorpion
 14870 | Spider:1 | Identified the +9 trident "Kiycridgh" {chaos, rElec rCorr}
 15288 | Spider:2 | Reached ****** piety under Makhleb
 15352 | Spider:2 | Noticed an emperor scorpion
 15368 | Spider:2 | Killed an emperor scorpion
 15663 | Spider:2 | Noticed Agnes
 15765 | Spider:2 | Killed Agnes
 15919 | Spider:2 | Identified the +8 rapier of the King {spect, Str+4}
 16260 | Spider:3 | Noticed a ghost moth
 16270 | Spider:3 | Killed a ghost moth
 16457 | Spider:3 | Reached skill level 10 in Shields
 16638 | Spider:3 | Noticed a ghost moth
 16648 | Spider:3 | Killed a ghost moth
 16851 | Spider:3 | Noticed Kirke
 16894 | Spider:3 | Noticed a sphinx
 16896 | Spider:3 | Slain by a sphinx

Illustrated notes

Levels and vault maps discovered:
D:1:      dpeg_arrival_yet_another_circle, layout_basic,
          kennysheep_decorative_pillar, minmay_quantized
D:2:      layout_loops_ring, serial_co_window_serial, co_window_paths_b,
          co_window_corner_a, co_window_corner_a, co_window_paths_a,
          co_window_corner_a, co_window_of_opportunity_b, co_window_paths_c,
          co_window_broadway_b, co_window_of_opportunity_c, co_window_paths_e
D:3:      layout_loops_ring, chequers_serial_rivers_micro_b, kennysheep_potato
D:4:      minmay_diamond_boxcup, layout_basic, gammafunk_ghost_stat_death,
          hex_large
D:5:      layout_basic, minmay_temple_entry_from_below_a
D:6:      layout_basic, grunt_qazlal_clouds, serial_bayou,
          serial_bayou_crossing, serial_bayou_shore_a, serial_bayou_pond_a,
          serial_bayou_pond_b, serial_bayou_lagoon_a, serial_bayou_pond_b,
          hangedman_abyss_or_decor_lesser_grid
D:7:      layout_loops_corners
D:8:      layout_rooms, lemuel_tele_altar, minmay_radiant, uniq_joseph
D:9:      layout_loops_ring, nicolae_gozag_seed_capital, david_orc_2,
          kennysheep_cluttered_room
D:10:     layout_gridville, minivault_4, minivault_25, palyth_stone_intersect,
          uniq_erica, uniq_fannar, uniq_snorg
D:11:     layout_long_grid, minmay_lair_entry_grove,
          nicolae_dithmenos_the_darkroom, uniq_nergalle, uniq_josephine
Temple:   hellmonk_temple_divided_pantheon
Lair:1:   layout_gridlike, pdpol_lair_cabin_in_the_woods, lemuel_fruit_tree,
          uniq_gastronok
Lair:2:   layout_gridlike, nicolae_swamp_entry_spooky,
          nicolae_spider_entry_orb_guardian, grunt_megastairs_1
Spider:1: nicolae_spider_hilbert_zone_1 [nicolae_spider_hilbert_4_sides_1_open,
          nicolae_spider_hilbert_4_sides_1_open,
          nicolae_spider_hilbert_4_sides_1_open,
          nicolae_spider_hilbert_4_sides_1_open,
          nicolae_spider_hilbert_3_sides_1_open,
          nicolae_spider_hilbert_3_sides_1_open,
          nicolae_spider_hilbert_3_sides_1_open,
          nicolae_spider_hilbert_3_sides_1_open,
          nicolae_spider_hilbert_3_sides_1_open,
          nicolae_spider_hilbert_6_sides_1_open,
          nicolae_spider_hilbert_6_sides_1_open,
          nicolae_spider_hilbert_3_sides_1_open,
          nicolae_spider_hilbert_3_sides_1_open,
          nicolae_spider_hilbert_3_sides_1_open,
          nicolae_spider_hilbert_3_sides_1_open,
          nicolae_spider_hilbert_2_sides_1_open]
Spider:2: layout_cave_pods, uniq_agnes
Spider:3: layout_chambers, nicolae_spider_altar_of_dancing, uniq_kirke,
          uniq_nikola, uniq_arachne
Orc:1:    layout_caves, serial_shops, nicolae_shop_getting_attention, shop,
          nicolae_shop_hallway_stairs
Orc:2:    pf_orc_diabolical, layout_caves, basic_altar, mines2_david

Skill      XL: |  1  2  3  4  5  6  7  8  9 10 11 12 13 14 15 |
---------------+----------------------------------------------+-----
Axes           | 2 3 5 6 7 8 9 11 12 14 | 14.0
Fighting       | 4 5 6 7 9 10 12 14 15 16 | 16.8
Armour         | 4 5 6 7 9 10 12 14 15 16 | 16.8
Shields        | 4 8 10 | 10.1

Action                     |  1- 3 |  4- 6 |  7- 9 | 10-12 | 13-15 || total
---------------------------+-------+-------+-------+-------+-------++-------
  Melee: War axe           |   135 |    47 |       |       |       ||   182
         Hand axe          |       |    68 |   201 |   523 |   952 ||  1744
         Unarmed           |       |       |       |       |    33 ||    33
    Use: Scroll            |       |    15 |     3 |     6 |     5 ||    29
         Potion            |       |       |     1 |     3 |    12 ||    16
 Armour: Scale mail        |    51 |       |       |       |       ||    51
         Plate armour      |    61 |    67 |   132 |   311 |   803 ||  1374
  Dodge: Dodged            |    60 |    30 |    40 |   141 |   326 ||   597
  Block: Buckler           |    26 |    20 |    25 |    51 |   202 ||   324
